 Dungeon Crawl Stone Soup version 0.25.0-1-g7eea58d (webtiles) character file.

Game seed: 14988560198669030691

851 bogs101 the Thaumaturge (level 7, -2/36 HPs)
             Began as a Deep Elf Wizard on June 13, 2020.
             Slain by a centaur (8 damage)
             ... on level 6 of the Dungeon.
             The game lasted 00:39:08 (6872 turns).

bogs101 the Thaumaturge (Deep Elf Wizard)           Turns: 6872, Time: 00:39:09

Health: -2/36      AC:  7    Str:  4    XL:     7   Next: 69%
Magic:  17/23      EV: 13    Int: 25    God:
Gold:   303        SH:  0    Dex: 13    Spells: 22/27 levels left

rFire    . . .     SeeInvis .   w - +3 dagger
rCold    . . .     Gourm    .   (no shield)
rNeg     . . .     Faith    .   a - +0 robe
rPois    .         Spirit   .   b - +0 hat
rElec    .         Reflect  .   f - scarf {+Inv}
rCorr    .         Harm     .   u - +0 pair of gloves
MR       .....                  (no boots)
Stlth    +++.......             (no amulet)
HPRegen  0.12/turn              (no ring)
MPRegen  0.18/turn              o - +4 ring of protection

@: no status effects
A: no striking features
a: Evoke Invisibility


You were on level 6 of the Dungeon.
You were not hungry.

You visited 2 branches of the dungeon, and saw 7 of its levels.

You collected 303 gold pieces.

Inventory:

Hand Weapons
 w - a +3 dagger (weapon)
 x - a +2 flail of holy wrath
 H - a +0 shortbow of freezing
Missiles
 n - 71 arrows
 s - 49 sling bullets
Armour
 a - a +0 robe (worn)
 b - a +0 hat (worn)
 f - a scarf of invisibility (worn)
 i - a +1 ring mail of magic resistance
 p - a cursed +0 scale mail
 u - a +0 pair of gloves (worn)
 y - a cursed +0 helmet
 A - a +1 scale mail of fire resistance
Jewellery
 k - a -4 ring of intelligence
 o - a +4 ring of protection (right hand)
 B - an uncursed ring of ice {unknown}
Scrolls
 c - 2 scrolls of enchant weapon {unknown}
 g - 6 scrolls of teleportation
 h - 3 scrolls of remove curse
 j - 7 scrolls of identify
 l - a scroll of fear {unknown}
 m - 2 scrolls of amnesia {unknown}
 C - a scroll of fog {unknown}
 D - a scroll of immolation {unknown}
 E - a scroll of enchant armour {unknown}
Potions
 e - 4 potions of curing {unknown}
 q - a potion of resistance {unknown}
 r - a potion of stabbing {unknown}
 t - a potion of lignification {unknown}
 v - a potion of heal wounds {unknown}
 z - a potion of might {unknown}
 F - a potion of degeneration {unknown}
Comestibles
 d - 11 rations
 G - 6 chunks of flesh


   Skills:
 - Level 2.4 Dodging
 * Level 5.7 Stealth
 + Level 10.5 Spellcasting
 - Level 1.1 Conjurations
 - Level 2.7 Summonings
 - Level 1.1 Translocations


You had 22 spell levels left.
You knew the following spells:

 Your Spells              Type           Power        Failure   Level  Hunger
a - Magic Dart            Conj           ###.         3%          1    None
b - Blink                 Tloc           N/A          4%          2    None
c - Call Imp              Summ           ####....     2%          2    None

Your spell library contained the following spells:

 Spells                   Type           Power        Failure   Level  Hunger
 Slow                     Hex            ##......     7%          2    None
 Conjure Flame            Conj/Fire      ###.....     11%         3    None
 Mephitic Cloud           Conj/Pois/Air  ##......     12%         3    None


Dungeon Overview and Level Annotations

Branches:
Dungeon (6/15)             Temple (1/1) D:6

Altars:
Ashenzari
Cheibriados
Dithmenos
Elyvilon
Fedhas
Hepliaklqana
Kikubaaqudgha
Makhleb
Nemelex Xobeh
Okawaru
Ru
Trog
Uskayaw
Wu Jian
Xom
Yredelemnul
Zin
The Shining One

Annotations:
D:2 exclusion: downstairs
D:3 1 runed translucent door, exclusion: downstairs, Pseudoku's ghost, amateur HuGl
D:4 exclusion: downstairs
D:5 Menkaure; Sigmund


Message History

* * * LOW HITPOINT WARNING * * *
Your crimson imp hits the centaur but does no damage. x2
The centaur shoots an arrow.
The arrow hits your crimson imp!
Your crimson imp dies!
You finish putting on your scarf of invisibility.
You become transparent for a moment.
The centaur unwields a +0 shortbow.
The centaur hits you.
* * * LOW HITPOINT WARNING * * *
Your crimson imp hits the centaur but does no damage.
You see here 4 arrows.
You barely miss the centaur.
The centaur is moderately wounded.
The centaur barely misses you.
Your crimson imp barely misses the centaur.
Unknown command.
You barely miss the centaur.
The centaur is moderately wounded.
The centaur hits you but does no damage.
The centaur hits you!
You die...

# ..<#.# ####
### #.# ...#####
#.# ##.....# #.#
...###.#########
#.# ####
#.........# #.#
# #########.#
#.# # #.####.# #
#((@c5.#
########


You could see a centaur and a friendly crimson imp (summoned).

Vanquished Creatures
  A centaur (D:6)
  3 wights (D:6)
  A hound (D:4)
  A centaur skeleton (D:5)
  An iguana (D:5)
  An adder (D:4)
  4 gnolls
  A shadow imp (D:5)
  An adder skeleton (D:3)
  A worm (D:2)
  A leopard gecko (D:6)
  6 orcs
  A ball python (D:3)
  2 bats
  3 giant cockroaches
  8 goblins
  5 hobgoblins (D:1)
  3 jackals
  4 frilled lizards
  9 kobolds
  8 rats
65 creatures vanquished.

Vanquished Creatures (collateral kills)
  A black bear (D:5)
  3 ogres
  A howler monkey (D:4)
  2 wights (D:6)
  A centaur skeleton (D:5)
  An orc priest (D:4)
  3 bullfrog skeletons
  An orc wizard (D:4)
  An iguana (D:4)
  2 worker ants (D:4)
  A howler monkey zombie (D:5)
  2 gnolls (D:4)
  7 adders
  A howler monkey skeleton (D:4)
  A shadow imp (D:5)
  2 adder skeletons (D:4)
  3 worms
  2 leopard geckos
  11 orcs
  5 bats
  2 giant cockroaches
  6 goblins
  4 hobgoblins
  7 jackals
  2 kobolds
  4 quokkas
  A frilled lizard (D:2)
  2 rats
79 creatures vanquished.

Grand Total: 144 creatures vanquished

Notes
Turn   | Place    | Note
-------+----------+-------------------------------------------
     0 | D:1      | bogs101 the Deep Elf Wizard began the quest for the Orb.
     0 | D:1      | Reached XP level 1. HP: 10/10 MP: 7/7
   308 | D:1      | Reached skill level 5 in Spellcasting
   308 | D:1      | Reached XP level 2. HP: 15/15 MP: 7/10
   644 | D:1      | Learned a level 2 spell: Blink
   647 | D:1      | Learned a level 2 spell: Call Imp
   693 | D:1      | You fall into a shaft and drop 1 floor!
  1005 | D:1      | Reached XP level 3. HP: 19/19 MP: 6/12
  1716 | D:2      | Reached skill level 6 in Spellcasting
  2063 | D:2      | Found a bloodstained altar of Trog.
  2343 | D:2      | Reached XP level 4. HP: 19/24 MP: 11/14
  2851 | D:3      | Noticed Pseudoku's ghost (amateur HuGl)
  2853 | D:3      | Found a runed translucent door.
  3903 | D:4      | Reached XP level 5. HP: 28/28 MP: 6/16
  4089 | D:4      | Reached skill level 7 in Spellcasting
  4508 | D:4      | Reached XP level 6. HP: 31/32 MP: 9/18
  4645 | D:4      | Found an ancient bone altar of Kikubaaqudgha.
  4717 | D:5      | Entered Level 5 of the Dungeon
  4787 | D:5      | Reached skill level 8 in Spellcasting
  5211 | D:5      | Noticed Menkaure
  5225 | D:5      | Found a sparkling altar of Nemelex Xobeh.
  5227 | D:5      | Found a burning altar of Makhleb.
  5383 | D:5      | Found a shattered altar of Ashenzari.
  5497 | D:5      | Reached skill level 5 in Stealth
  5497 | D:5      | Reached skill level 9 in Spellcasting
  5510 | D:5      | Noticed Sigmund
  5885 | D:6      | Reached XP level 7. HP: 36/36 MP: 13/21
  6420 | D:6      | Reached skill level 10 in Spellcasting
  6504 | D:6      | Found a staircase to the Ecumenical Temple.
  6513 | Temple   | Entered the Ecumenical Temple
  6706 | D:6      | HP: 1/36 [centaur (4)]
  6828 | D:6      | Identified the ring of Rixkifot {rC+ AC+4 Str+3 Int-4}
  6872 | D:6      | Slain by a centaur

Illustrated notes

Levels and vault maps discovered:
D:1:      kennysheep_arrival_forest, layout_rooms
D:2:      minmay_diamond_boxcup, layout_basic, lightli_temple_of_fire,
          first_ration, grunt_ministairs_15, minivault_25,
          minmay_stone_trees_small
D:3:      layout_basic, hellmonk_ghost_happy_afterlife
D:4:      layout_basic, old_standard_altar
D:5:      layout_rooms, marbit_many_paths, nicolae_overflow_hidden_temple,
          uniq_menkaure, uniq_sigmund
D:6:      layout_loops_ring, minmay_temple_entry_statues_fountains
Temple:   nicolae_temple_god_jail

Skill      XL: |  1  2  3  4  5  6  7 |
---------------+----------------------+-----
Spellcasting   | 5 6 7 9 10 | 10.5
Stealth        | 3 4 5 |  5.7
Summonings     | 2 |  2.7
Dodging        | |  2.4
Conjurations   | |  1.1
Translocations | |  1.1

Action                   |  1- 3 |  4- 6 |  7- 9 || total
-------------------------+-------+-------+-------++-------
Melee: Unarmed           |    15 |     8 |       ||    23
       Dagger            |       |    10 |    21 ||    31
 Cast: Magic Dart        |    78 |    92 |    29 ||   199
       Call Imp          |    31 |    71 |    40 ||   142
       Blink             |       |     2 |       ||     2
  Use: Scroll            |       |     3 |       ||     3
 Stab: Sleeping          |       |     3 |     1 ||     4
  Eat: Chunk             |     4 |    11 |     3 ||    18
Armor: Robe              |     8 |     5 |     6 ||    19
Dodge: Dodged            |    37 |    20 |    17 ||    74
